 Dungeon Crawl Stone Soup version 0.31.0-11-ge490571c62 (webtiles) character file.

Game seed: 5265361157544256956

107 hawla the Sneak (level 4, -2/26 HPs)
             Began as a Deep Elf Fire Elementalist on Feb 6, 2024.
             Slain by a gnoll
             ... wielding a +0 club
              (6 damage)
             ... on level 3 of the Dungeon.
             The game lasted 00:05:37 (1976 turns).

hawla the Sneak (Deep Elf Fire Elementalist)        Turns: 1976, Time: 00:05:37

Health: -2/26      AC:  2    Str:  5    XL:     4   Next: 57%
Magic:  0/10       EV: 13    Int: 22    God:
Gold:   129        SH:  0    Dex: 15    Spells: 6/9 levels left

rFire   . .          .
                       - Unarmed
rCold   . . .        (no shield)
rNeg    . . .        a - +0 robe
rPois   .            (no helmet)
rElec   .            (no cloak)
rCorr   .            (no gloves)
SInv    .            (no boots)
Will    .....        (no amulet)
Stlth   +++          (no ring)
HPRegen 0.24/turn    (no ring)
MPRegen 0.12/turn

%: no passive effects
@: no status effects
A: no striking features
a: no special abilities


You were on level 3 of the Dungeon.
You visited 1 branch of the dungeon, and saw 3 of its levels.

You collected 129 gold pieces.

Inventory:

Armour
 a - a +0 robe (worn)
Potions
 b - a potion of enlightenment {unknown}
 d - a potion of degeneration {unknown}


   Skills:
 - Level 2.0 Fighting
 + Level 3.4 Dodging
 - Level 4.0 Stealth
 - Level 1.0 Unarmed Combat
 - Level 3.0 Spellcasting
 - Level 1.1 Conjurations
 - Level 3.2 Fire Magic


You had 6 spell levels left.
You knew the following spells:

 Your Spells              Type           Power      Damage    Failure   Level
a - Foxfire               Conj/Fire      48%        2x1d6     4%          1
b - Scorch                Fire           34%        2d6       4%          2

Your spell library contained the following spells:

 Spells                   Type           Power      Damage    Failure   Level
 Inner Flame              Hex/Fire       10%        N/A       19%         3
 Volatile Blastmotes      Fire/Tloc      20%        2d11      19%         3
 Dazzling Flash           Conj/Hex       10%        N/A       30%         3
 Flame Wave               Conj/Fire      12%        2d6       45%         4
 Leda's Liquefaction      Alch/Erth      1%         N/A       77%         4
 Lee's Rapid Deconstruct  Erth           1%         3d4*      98%         5
 Bombard                  Conj/Erth      2%         9d1       100%        6
 Starburst                Conj/Fire      6%         6d4       100%        6
 Maxwell's Capacitive Co  Air            1%         ∞         100%        8


Dungeon Overview and Level Annotations

Branches:
Dungeon (3/15)

Altars:


Message History

The gnoll is lightly wounded.
The foxfire hits the gnoll.
The gnoll is heavily wounded.
The gnoll barely misses you.
The gnoll hits you from afar with a +0 spear.
The foxfire hits the gnoll.
The gnoll is severely wounded.
The gnoll completely misses you.
The gnoll hits you from afar with a +0 spear.
You aren't carrying any scrolls.
The gnoll attacks as it pursues you!
The gnoll hits you from afar with a +0 spear.
The gnoll attacks as it pursues you! The gnoll barely misses you.
The gnoll attacks as it pursues you! The gnoll hits you with a +0 club.
Your magical contamination has completely faded away.
The gnoll hits you with a +0 club. The gnoll barely misses you.
There is a stone staircase leading down here.
The gnoll hits you from afar with a +0 spear.
* * * LOW HITPOINT WARNING * * *
The gnoll hits you with a +0 club.
* * * LOW HITPOINT WARNING * * *
You climb downwards.
You hear the sound of rushing water.
There is an entrance to a sewer on this level.
Hurry and find it before the portal rusts away!
There is a stone staircase leading up here.
Casting: Foxfire (safe; 4% risk of failure)
Confirm with . or Enter, or press ? or * to list all spells.
You conjure some foxfire!
The gnoll closely misses you.
You completely miss the gnoll.
The gnoll is severely wounded.
The foxfire hits the gnoll but does no damage.
The gnoll is severely wounded.
The foxfire hits the gnoll.
The gnoll is severely wounded.
The gnoll barely misses you.
Casting: Foxfire (safe; 4% risk of failure)
Confirm with . or Enter, or press ? or * to list all spells.
You conjure some foxfire!
The gnoll hits you with a +0 club.
You die...

## .# .# ##
##.# ..#
#..#...#
#.v....#
#@g....#
#..§v......#
............#.#
#####....###...
####.. ## ...
... ...#


You could see a gnoll (ally target).

Vanquished Creatures
  Jessica (D:2)
  A gnoll (D:2)
  An adder (D:2)
  A ribbon worm (D:2)
  2 dart slugs
  2 ball pythons (D:1)
  3 endoplasms
  A giant cockroach (D:2)
  6 goblins
  10 hobgoblins
  8 jackals
  2 quokkas
  4 bats (D:2)
  A frilled lizard (D:2)
  4 kobolds
  5 rats
52 creatures vanquished.

Vanquished Creatures (others)
  112 foxfires
112 creatures vanquished.

Grand Total: 164 creatures vanquished

Notes
Turn   | Place    | Note
-------+----------+-------------------------------------------
     0 | D:1      | hawla the Deep Elf Fire Elementalist began the quest for
                  | the Orb.
     0 | D:1      | Reached XP level 1. HP: 10/10 MP: 6/6
    73 | D:1      | Reached skill level 1 in Unarmed Combat
   159 | D:1      | You fall into a shaft and drop 1 floor!
   203 | D:2      | Reached XP level 2. HP: 15/16 MP: 6/8
   280 | D:2      | Reached skill level 1 in Fighting
   283 | D:2      | Learned a level 2 spell: Scorch
   488 | D:1      | Found a faded altar of an unknown god.
   798 | D:1      | Reached XP level 3. HP: 21/21 MP: 7/9
  1200 | D:2      | Reached skill level 3 in Stealth
  1400 | D:2      | Noticed Jessica
  1405 | D:2      | Killed Jessica
  1406 | D:2      | Reached skill level 4 in Stealth
  1406 | D:2      | Reached XP level 4. HP: 26/26 MP: 5/10
  1976 | D:3      | Slain by a gnoll

Illustrated notes

Levels and vault maps discovered:
D:1:      matt_arrival_diagonals, layout_rooms, ebering_ecumenical_altar_box,
          chequers_serial_rivers_room_a, palyth_stone_intersect,
          minmay_tromino_v4_b
D:2:      layout_basic, uniq_jessica
D:3:      layout_basic, mainiacjoe_overflow_small_starburst,
          portal_sewer_entry_e, minivault_19

Skill      XL: |  1  2  3  4 |
---------------+-------------+-----
Unarmed Combat | 1 |  1.0
Fighting       | 1 2 |  2.0
Stealth        | 4 |  4.0
Dodging        | 3 |  3.4
Spellcasting   | |  3.0
Conjurations   | |  1.1
Fire Magic     | |  3.2

Action                     |  1- 3 |  4- 6 || total
---------------------------+-------+-------++-------
  Melee: Unarmed           |     4 |     4 ||     8
   Cast: Foxfire           |    51 |    17 ||    68
         Scorch            |    10 |     7 ||    17
    Use: Scroll            |     3 |       ||     3
         Potion            |     1 |       ||     1
 Armour: Robe              |    20 |    14 ||    34
  Dodge: Dodged            |    23 |    15 ||    38
